 Dungeon Crawl Stone Soup version 0.28-a0-245-g639a1a48b9 (webtiles) character file.

Game seed: 11959991235069761957

106 rabbitsville the Conjurer (level 4, -1/27 HPs)
             Began as an Octopode Conjurer on Aug 25, 2021.
             Slain by Blork the orc (13 damage)
             ... on level 4 of the Dungeon.
             The game lasted 00:14:23 (3330 turns).

rabbitsville the Conjurer (Octopode Conjurer)       Turns: 3330, Time: 00:14:24

Health: -1/27      AC:  1    Str:  6    XL:     4   Next: 84%
Magic:  8/8        EV: 13    Int: 21    God:
Gold:   83         SH:  0    Dex: 10    Spells: 6/9 levels left

rFire   . . .      SeeInvis .   a - +0 mace
rCold   . . .      Faith    .   (no shield)
rNeg    . . .      Spirit   .   (helmet restricted)
rPois   .          Reflect  .   (no amulet)
rElec   .          Harm     .   (no ring)
rCorr   .          Rampage  .   (no ring)
Will    .....                   (no ring)
Stlth   +++.......              (no ring)
HPRegen 0.09/turn               (no ring)
MPRegen 0.11/turn               (no ring)
                                (no ring)
                                (no ring)

@: no status effects
A: almost no armour, amphibious, 8 rings, camouflage 1, gelatinous body 1,
(nimble swimmer 1), tentacles
a: no special abilities


You were on level 4 of the Dungeon.
You visited 1 branch of the dungeon, and saw 4 of its levels.

You collected 83 gold pieces.

Inventory:

Hand Weapons
 a - a +0 mace (weapon)
Jewellery
 c - a ring of ice
 f - a ring of fire
Scrolls
 h - a scroll of enchant weapon
Potions
 b - 3 potions of attraction
 d - a potion of ambrosia
 g - a potion of flight {unknown}
 i - a potion of might {unknown}


   Skills:
 - Level 2.0 Dodging
 - Level 2.6 Stealth
 + Level 3.0 Spellcasting
 * Level 5.4 Conjurations


You had 6 spell levels left.
You knew the following spells:

 Your Spells              Type           Power      Damage    Failure   Level
a - Magic Dart            Conj           100%       1d8       1%          1
b - Searing Ray           Conj           52%        3d5       2%          2

Your spell library contained the following spells:

 Spells                   Type           Power      Damage    Failure   Level
 Pain                     Necr           12%        1d4       13%         1
 Dazzling Flash           Conj/Hex       28%        N/A       13%         3
 Fulminant Prism          Conj/Hex       7%         3d7       41%         4
 Iskenderun's Mystic Bla  Conj/Tloc      14%        2d5       41%         4
 Agony                    Necr           3%         N/A       98%         5
 Excruciating Wounds      Necr           1%         N/A       98%         5


Dungeon Overview and Level Annotations

Branches:
Dungeon (4/15)
 Temple: D:4-7

Altars:
Kikubaaqudgha
Sif Muna

Annotations:
D:4 Blork the orc, Pikel


Innate Abilities, Weirdness & Mutations

You cannot wear most types of armour.
You are amphibious.
You can wear up to eight rings at the same time.
Your skin changes colour to match your surroundings (Stealth+).
Your rubbery body absorbs attacks. (AC +1, EV +1)
((You are camouflaged near water. (Stealth+)))
You have tentacles for arms and can constrict up to eight enemies at once.


Message History

Blork the orc screams, "You are the ugliest creature I've ever seen!"
Blink to where?
Press: ? - help, Dir - move target
As you read the scroll labelled WINAOPOLAC, it crumbles to dust.
It was a scroll of blinking.
Found a spear. 2 orcs, an orc priest and an orc wizard come into view.
The orc wizard shouts!
The orc wizard mumbles some strange words.
The orc wizard flickers and vanishes!
Deactivating autopickup; reactivate with Ctrl-A.
An orc comes into view. It is wielding a +0 hand axe.
The orc priest moves out of view.
The orc moves out of view.
The orc priest invokes the aid of Beogh against you.
Pain shoots through your body!
You feel your willpower return.
Found 10 gold pieces.
The gnoll sergeant misses you.
You see here 10 gold pieces.
The gnoll sergeant closely misses you.
The gnoll sergeant hits you but does no damage.
The gnoll sergeant hits you from afar with a +0 spear of venom!
You are lethally poisoned!
You feel very sick.
As you read the scroll labelled PAOSIFRYING, it crumbles to dust.
You feel aware of your surroundings.
You sensed 3 altars.
It was a scroll of magic mapping.
You feel very sick.
Blork the orc mumbles some strange words.
Blork the orc seems to speed up.
You feel better.
Blork the orc begins to cast a cantrip, but forgets the words!
The gnoll sergeant barely misses you. The orc hits you with a +0 mace.
Blork the orc screams, "I'll rip your head off!"
Found a stone staircase leading up.
The lemure shouts!
Pikel the Slaver comes into view.
He is wielding a +0 whip of electrocution.
There is a stone staircase leading up here.
Blork the orc hits you with a +0 scimitar!
You die...

*,,,*** **,,,***, *,***
*,,*,* *. #K# *#.*,,* *.
#5# **####..*,**##. #.#
*......,,,* #.. #.#
*##.##..,**** #.#
##.###...##.##* #.#
#..##..#*##..#######.#
#.#.o@#*##......#..g.$
####.#.#####...###.#.###+
#....#.###.g.###,#...# *,
#.....o#.o.###,,##...#**,
#....##..###*,*##....+,,_
#...###.##*,,,##.....#***
#[..# #†#,,,**#.$....# #*
#...# #.#,*,*#....#..####
##### #..,**#....##......


You could see Blork the orc (fast).

Vanquished Creatures
  3 adders
  4 worms
  A dart slug (D:2)
  6 ball pythons
  10 endoplasms
  3 giant cockroaches
  6 hobgoblins
  2 jackals (D:1)
  5 kobolds
  5 quokkas
  A bat (D:2)
  7 goblins
  6 rats
59 creatures vanquished.

Vanquished Creatures (others)
  4 withered plants (D:3)
4 creatures vanquished.

Grand Total: 63 creatures vanquished

Notes
Turn   | Place    | Note
-------+----------+-------------------------------------------
     0 | D:1      | rabbitsville the Octopode Conjurer began the quest for the
                  | Orb.
     0 | D:1      | Reached XP level 1. HP: 11/11 MP: 3/3
   139 | D:1      | Reached XP level 2. HP: 8/17 MP: 0/5
   699 | D:1      | Learned a level 2 spell: Searing Ray
  1092 | D:1      | Reached XP level 3. HP: 21/21 MP: 4/6
  1265 | D:2      | Found a faded altar of an unknown god.
  1655 | D:2      | Reached skill level 5 in Conjurations
  1802 | D:2      | Reached XP level 4. HP: 27/27 MP: 2/8
  2582 | D:3      | Found a shimmering blue altar of Sif Muna.
  3140 | D:3      | Found an ancient bone altar of Kikubaaqudgha.
  3206 | D:3      | You fall into a shaft and drop 1 floor!
  3206 | D:4      | Noticed a lemure
  3216 | D:4      | Noticed a gnoll sergeant
  3236 | D:4      | Noticed Blork the orc
  3327 | D:4      | Noticed Pikel
  3330 | D:4      | Slain by Blork the orc

Illustrated notes

Levels and vault maps discovered:
D:1:      mushboom_english_gardens, layout_basic
D:2:      layout_basic, dilly_ecumenical_altar_fadedgnrine, serial_corexii_hall,
          chequers_hall_statues_y, chequers_hall_statues_corner_a,
          chequers_hall_statues_y, chequers_hall_statues_y
D:3:      layout_loops_ring, mainiacjoe_overflow_boulevard,
          kiku_gazebo_garden_becter
D:4:      layout_rooms, lemuel_doored_altar, mainiacjoe_overflow_swirl,
          grunt_decor_fettered, minmay_manual_mandibuliform, uniq_pikel,
          uniq_blork_the_orc

Skill      XL: |  1  2  3  4 |
---------------+-------------+-----
Conjurations   | 5 |  5.4
Spellcasting   | 3 |  3.0
Dodging        | |  2.0
Stealth        | |  2.6

Action                   |  1- 3 |  4- 6 || total
-------------------------+-------+-------++-------
Melee: Mace              |    15 |     6 ||    21
       Constrict         |     3 |     1 ||     4
 Cast: Magic Dart        |    53 |    32 ||    85
       Searing Ray       |     8 |     5 ||    13
  Use: Scroll            |     4 |     4 ||     8
       Potion            |       |     1 ||     1
Armor: Skin              |     5 |     1 ||     6
Dodge: Dodged            |    13 |     3 ||    16

Table legend: (Time is in decaauts)
 A = Elapsed time spent in this place.
 B = Non-inter-level travel time spent in this place.
 C = Inter-level travel time spent in this place.
 D = Time resting spent in this place.
 E = Time spent auto-exploring this place.
 F = Levels seen in this place.
 G = Mean time per level.
                   A        B        C        D        E       F      G
               +--------+--------+--------+--------+--------+-----+--------+
         Total |   3337 |   3282 |     55 |    993 |   1590 |   4 |  834.2 |
       Dungeon |   3337 |   3282 |     55 |    993 |   1590 |   4 |  834.2 |
               +--------+--------+--------+--------+--------+-----+--------+

Top non-repeatable levels by time:
     D:2: 1295 daAuts
     D:1: 1238 daAuts
     D:3: 678 daAuts
     D:4: 123 daAuts
